 Dungeon Crawl Stone Soup version 0.24.0-125-gc4c63601f3 (webtiles) character file.

Game seed: 15713372993182592226, levelgen mode: deterministic

564 Curus the Spear-Bearer (level 7, -7/61 HPs)
             Began as a Minotaur Gladiator on Mar 14, 2020.
             Was a Follower of Makhleb.
             Killed from afar by Dowan (13 damage)
             ... with a stone arrow
             ... on level 4 of the Dungeon.
             The game lasted 00:11:32 (3136 turns).

Curus the Spear-Bearer (Minotaur Gladiator)         Turns: 3136, Time: 00:11:33

Health: -7/61      AC:  4    Str: 18    XL:     7   Next: 10%
Magic:  6/6        EV: 13    Int:  7    God:    Makhleb [*.....]
Gold:   255        SH:  0    Dex: 12    Spells: 6/6 levels left

rFire    . . .     SeeInvis .   a - +0 trident
rCold    . . .     Gourm    .   (no shield)
rNeg     . . .     Faith    .   b - +1 leather armour
rPois    .         Spirit   .   (helmet unavailable)
rElec    .         Reflect  .   (no cloak)
rCorr    .         Harm     .   (no gloves)
MR       +....                  (no boots)
Stlth    +.........             (no amulet)
HPRegen  0.20/turn              (no ring)
MPRegen  0.10/turn              (no ring)

@: no status effects
A: retaliatory headbutt, horns 3, magic resistance 1, robust 1
a: Renounce Religion


You were on level 4 of the Dungeon.
You worshipped Makhleb.
Makhleb was aware of your devotion.
You were very hungry.

You visited 1 branch of the dungeon, and saw 4 of its levels.

You collected 255 gold pieces.

Inventory:

Hand Weapons
 a - a +0 trident (weapon)
Missiles
 d - 3 throwing nets (quivered)
Armour
 b - a +1 leather armour (worn)
 c - a +1 hat
Scrolls
 h - a scroll of blinking
 i - a scroll of teleportation
 j - a scroll of enchant armour
 k - 3 scrolls of identify
Potions
 e - a potion of curing
 g - a potion of flight
 l - a potion of brilliance
Comestibles
 f - 6 rations


   Skills:
 - Level 2.4 Fighting
 + Level 9.8 Polearms
 - Level 2.0 Throwing
 - Level 3.2 Dodging


You had 6 spell levels left.
You didn't know any spells.
Your spell library was empty.

Dungeon Overview and Level Annotations

Branches:
Dungeon (4/15)
 Temple: D:4-7

Altars:
Makhleb

Annotations:
D:4 Dowan


Innate Abilities, Weirdness & Mutations

You reflexively headbutt those who attack you in melee.
You have a pair of large horns on your head.
You are resistant to hostile enchantments. (MR+)
You are robust. (+10% HP)


Message History

You barely miss Dowan.
Dowan is moderately wounded.
Dowan closely misses you.
You hit Dowan.
Dowan is heavily wounded.
Dowan mumbles some strange words.
Dowan blinks!
Dowan misses you.
You miss Dowan. Your headbutt misses Dowan.
Dowan is heavily wounded.
Dowan closely misses you.
You closely miss Dowan.
Dowan is heavily wounded.
Dowan hits you but does no damage.
You completely miss Dowan.
Dowan is heavily wounded.
Dowan closely misses you.
Dowan points at you and mumbles some strange words.
The stone arrow hits you!
You die...

# ##......##
##. ###
##......###..
..#
##.#....##..
..#
###......#..
....#
###.#..#.#+#..
......
###......###
#.. ..#.##
###.....(###
#.. ### # #
#+#......###
#.. #
#.#.#@...###
#.. #
#...e#.### ###
# #.#..### # #
#### # ##.#
###.######.#.#
..........#..#
######.#...#.##
#<#......####


You could see Dowan.

Vanquished Creatures
  Duvessa (D:4)
  A phantom (D:4)
  A bullfrog (D:2)
  A scorpion (D:4)
  A crimson imp (D:2)
  A hound (D:4)
  An orc wizard (D:3)
  2 worker ants (D:4)
  5 adders
  A worm (D:3)
  4 leopard geckos
  3 orcs
  2 ball pythons (D:3)
  5 bats
  5 giant cockroaches
  8 goblins
  7 hobgoblins
  4 jackals (D:1)
  3 quokkas
  5 frilled lizards
  6 kobolds
  5 rats
72 creatures vanquished.

Notes
Turn   | Place    | Note
-------+----------+-------------------------------------------
     0 | D:1      | Curus the Minotaur Gladiator began the quest for the Orb.
     0 | D:1      | Reached XP level 1. HP: 18/18 MP: 0/0
    87 | D:1      | Reached skill level 4 in Polearms
   107 | D:1      | Reached XP level 2. HP: 24/25 MP: 1/1
   791 | D:2      | Reached skill level 5 in Polearms
   800 | D:2      | Found a burning altar of Makhleb.
   810 | D:2      | Became a worshipper of Makhleb the Destroyer
   833 | D:2      | Reached XP level 3. HP: 12/30 MP: 2/2
  1097 | D:2      | Reached skill level 6 in Polearms
  1097 | D:2      | Reached XP level 4. HP: 37/37 MP: 3/3
  1194 | D:2      | Noticed a bullfrog
  1198 | D:2      | Killed a bullfrog
  1198 | D:2      | Reached skill level 7 in Polearms
  1198 | D:2      | Reached XP level 5. HP: 41/42 MP: 4/4
  1911 | D:3      | Reached * piety under Makhleb
  2526 | D:4      | Reached skill level 8 in Polearms
  2526 | D:4      | Reached XP level 6. HP: 38/50 MP: 5/5
  2549 | D:4      | Gained mutation: You are robust. (+10% HP) [potion of
                  | mutation]
  2549 | D:4      | Gained mutation: You are resistant to hostile enchantments.
                  | (MR+) [potion of mutation]
  2549 | D:4      | Gained mutation: You have a pair of large horns on your
                  | head. [potion of mutation]
  2595 | D:4      | Reached skill level 9 in Polearms
  2934 | D:4      | Noticed Duvessa
  2934 | D:4      | Noticed Dowan
  3127 | D:4      | Killed Duvessa
  3127 | D:4      | Reached XP level 7. HP: 27/61 MP: 6/6
  3136 | D:4      | Killed from afar by Dowan

Levels and vault maps discovered:
D:1:      dpeg_arrival_tiny_a, layout_basic
D:2:      layout_basic, nicolae_overflow_crystal_walls, first_ration
D:3:      layout_basic
D:4:      minmay_razor_zed, layout_loops_ring,
          grunt_temple_overflow_order_and_chaos_1, overflow_temple_1_default,
          gammafunk_temple_overflow_wave, serial_shops, kennysheep_little_box,
          chequers_garden, minivault_26, uniq_duvessa

Skill      XL: |  1  2  3  4  5  6 |
---------------+-------------------+-----
Polearms       | 4 5 6 7 8 9 |  9.8
Fighting       | |  2.4
Throwing       | |  2.0
Dodging        | |  3.2

Action                   |  1- 3 |  4- 6 |  7- 9 || total
-------------------------+-------+-------+-------++-------
Melee: Trident           |    83 |   134 |     7 ||   224
       Headbutt          |    13 |    13 |       ||    26
Throw: Throwing net      |       |     1 |       ||     1
  Use: Potion            |     5 |     3 |       ||     8
       Scroll            |     4 |     5 |       ||     9
 Stab: Sleeping          |     1 |     1 |       ||     2
  Eat: Chunk             |     1 |     5 |       ||     6
Armor: Leather armour    |    18 |    19 |     1 ||    38
Dodge: Dodged            |    37 |    64 |     4 ||   105
